 Dungeon Crawl Stone Soup version 0.28.0-47-ge53b351184 (webtiles) character file.

Game seed: 6058091972305640555

3535 pkoi the Martial Artist (level 9, -5/61 (71) HPs)
             Began as a Demigod Gladiator on May 6, 2022.
             Slain by a wight
             ... wielding a +6 trident of freezing
              (10 damage)
             ... on level 8 of the Dungeon.
             The game lasted 00:16:42 (14813 turns).

pkoi the Martial Artist (Demigod Gladiator)        Turns: 14813, Time: 00:16:43

HP:   -5/61 (71)    AC: 10    Str: 15    XL:     9   Next: 53%
MP:   15/15         EV: 15    Int: 22    God:
Gold: 141           SH:  0    Dex: 21    Spells: 7/12 levels left

rFire   . . .      SeeInvis .     - Unarmed
rCold   . . .      Faith    .   (no shield)
rNeg    . . .      Spirit   .   w - +0 steam dragon scales
rPois   .          Reflect  .   b - +1 helmet
rElec   .          Harm     .   (no cloak)
rCorr   .          Rampage  .   (no gloves)
Will    .....                   u - +1 pair of boots
Stlth   ++........              (no amulet)
HPRegen 0.20/turn               g - ring of flight
MPRegen 0.14/turn               p - +6 ring of dexterity

@: flying, heavily drained
A: high MP 1, forlorn, divine attributes
a: no special abilities


You were on level 8 of the Dungeon.
You visited 2 branches of the dungeon, and saw 9 of its levels.

You collected 387 gold pieces.
You spent 246 gold pieces at shops.

Inventory:

Hand Weapons
 d - a +0 whip
 k - a +2 dagger of draining
 t - the +9 spear of the Beast {vorpal, rElec Int+7}
   (You bought it in a shop on level 5 of the Dungeon)

   It inflicts extra damage upon your enemies.
   Int:       It affects your intelligence (+7).
   rElec:     It insulates you from electricity.
Missiles
 c - 2 throwing nets
 m - 12 poisoned darts
 v - 3 curare-tipped darts (quivered)
Armour
 a - a +0 leather armour
 b - a +1 helmet (worn)
 f - a +0 scale mail
 u - a +1 pair of boots (worn)
 w - +0 steam dragon scales (worn)
 D - a +1 leather armour of poison resistance
Jewellery
 g - a ring of flight (left hand)
 h - a ring of magical power
 o - a ring of see invisible
 p - a +6 ring of dexterity (right hand)
Wands
 s - a wand of polymorph (6)
Scrolls
 j - a scroll of blinking
 n - 3 scrolls of identify
 q - 2 scrolls of fog
 x - a scroll of enchant weapon
 y - a scroll of silence
 E - a scroll of teleportation
Potions
 e - 4 potions of curing
 i - 4 potions of might
 l - a potion of flight
 r - a potion of haste
 z - 4 potions of brilliance
 A - a potion of heal wounds
 B - a potion of mutation
 C - 2 potions of attraction {unknown}


   Skills:
 + Level 4.2 Fighting
 - Level 1.7 Throwing
 + Level 3.5 Armour
 + Level 5.1 Dodging
 * Level 10.0 Unarmed Combat
 + Level 2.4 Spellcasting
 + Level 1.9 Summonings
 + Level 2.8 Translocations


You had 7 spell levels left.
You knew the following spells:

 Your Spells              Type           Power      Damage    Failure   Level
a - Blink                 Tloc           30%        N/A       6%          2
b - Call Canine Familiar  Summ           11%        N/A       17%         3

Your spell library contained the following spells:

 Spells                   Type           Power      Damage    Failure   Level
 Summon Small Mammal      Summ           44%        N/A       6%          1
 Gell's Gravitas          Tloc           15%        N/A       12%         3
 Lesser Beckoning         Tloc           15%        N/A       12%         3
 Teleport Other           Tloc           15%        N/A       12%         3
 Scorch                   Fire           4%         2d5       21%         2
 Portal Projectile        Hex/Tloc       16%        N/A       22%         3
 Summon Guardian Golem    Hex/Summ       7%         N/A       26%         3
 Conjure Flame            Conj/Fire      2%         6-21      36%         3
 Ignite Poison            Fire/Tmut/Pois 2%         N/A       36%         3
 Manifold Assault         Tloc           15%        N/A       75%         5
 Flame Wave               Conj/Fire      2%         2d4       78%         4
 Sticky Flame             Conj/Fire      2%         2d3       78%         4
 Summon Mana Viper        Hex/Summ       7%         N/A       94%         5
 Blade Hands              Tmut           1%         N/A       98%         5
 Excruciating Wounds      Necr           1%         N/A       98%         5
 Silence                  Hex/Air        1%         N/A       98%         5
 Summon Cactus Giant      Summ           5%         N/A       100%        6
 Orb of Destruction       Conj           1%         9d5       100%        7
 Spellforged Servitor     Conj/Summ      3%         N/A       100%        7


Dungeon Overview and Level Annotations

Branches:
Dungeon (8/15)             Temple (1/1) D:5
   Lair: D:8-11

Shops:
D:3 ?   D:4 [   D:5 (!**

Annotations:
D:5 1 runed translucent door, Lamak's ghost, amateur DECj


Innate Abilities, Weirdness & Mutations

You have an increased reservoir of magic. (+10% MP)
You shall have no god before yourself.
Your divine heritage dramatically boosts your attributes as you level up.


Message History

The wight is heavily damaged.
Unknown command.
You hit the wight but do no damage.
The wight is heavily damaged.
The wight hits you with a +6 trident of freezing.
* * * LOW HITPOINT WARNING * * *
The wight freezes you.
* * * LOW HITPOINT WARNING * * *
Unknown command.
You hit the wight.
The wight is severely damaged.
The wight hits you with a +6 trident of freezing.
* * * LOW HITPOINT WARNING * * *
You feel drained.
* * * LOW HITPOINT WARNING * * *
The wight freezes you.
* * * LOW HITPOINT WARNING * * *
You hit the wight but do no damage.
The wight is severely damaged.
The wight hits you with a +6 trident of freezing.
* * * LOW HITPOINT WARNING * * *
You feel drained.
* * * LOW HITPOINT WARNING * * *
The wight freezes you.
* * * LOW HITPOINT WARNING * * *
You hit the wight but do no damage.
The wight is severely damaged.
The wight closely misses you.
Unknown command.
You hit the wight but do no damage. Your punch misses the wight.
The wight is severely damaged.
The wight misses you.
Unknown command.
You hit the wight but do no damage.
The wight is severely damaged.
Unknown command.
You hit the wight but do no damage.
The wight is severely damaged.
The wight hits you with a +6 trident of freezing!
You die...

.........)............>#
#....##.###.#########..#
#....##.....#
##.#########
###'###..####
####.........#
###'###..#
#............#
.....##..#
######.≈≈≈≈≈≈≈o≈..#
≈....##..#
#......≈#######≈..#
≈....##..#
#.z..≈#>...∩#≈o.# .....#
#@##.≈#.$(g.#≈..# ≈....#
#.##.≈##''g##≈..# ≈....#
#.##.≈≈≈≈≈≈≈≈≈.## ....##
#.##.≈≈≈≈≈≈≈o≈.# ....#
#.##...........# ###.#
#.##.###..###### ###.#
#.#.......# .##.#
#.#.#####.#
.##.############.#.# #.#


You could see a wight.

Vanquished Creatures
  Joseph (D:8)
  Maggie (D:8)
  Prince Ribbit (D:5)
  2 steam dragons
  Menkaure (D:7)
  An acid dragon (D:8)
  2 orc warriors
  2 ice beasts
  A necrophage (D:7)
  4 ogres
  3 centaurs
  A bullfrog (D:8)
  2 water moccasin zombies
  2 scorpions (D:5)
  2 wights (D:8)
  A centaur zombie (D:7)
  2 orc priests (D:8)
  A bullfrog zombie (D:6)
  2 hounds
  3 jellies
  6 orc wizards
  A hound skeleton (D:4)
  9 adders
  10 gnolls
  3 shadow imps (D:7)
  An ufetubus (D:4)
  3 worms
  5 dart slugs
  31 orcs
  9 endoplasms
  6 giant cockroaches
  11 goblins
  4 hobgoblins
  13 jackals
  9 quokkas
  10 ball pythons
  4 bats
  3 frilled lizards
  6 kobolds
  6 rats
185 creatures vanquished.

Vanquished Creatures (collateral kills)
  A kobold (D:4)
1 creature vanquished.

Vanquished Creatures (others)
  An adder (D:4)
1 creature vanquished.

Grand Total: 187 creatures vanquished

Notes
Turn   | Place    | Note
-------+----------+-------------------------------------------
     0 | D:1      | pkoi the Demigod Gladiator began the quest for the Orb.
     0 | D:1      | Reached XP level 1. HP: 17/17 MP: 3/3
   362 | D:1      | Reached XP level 2. HP: 2/24 MP: 4/4
   365 | D:1      | Reached skill level 3 in Unarmed Combat
  1238 | D:1      | Reached skill level 1 in Armour
  1408 | D:2      | Reached XP level 3. HP: 29/29 MP: 5/5
  1841 | D:2      | Reached skill level 4 in Unarmed Combat
  2259 | D:2      | You fall into a shaft and drop 2 floors!
  2259 | D:4      | Found Saablem's Armour Emporium.
  2371 | D:4      | Reached XP level 4. HP: 25/36 MP: 6/6
  2408 | D:4      | Noticed an ogre
  2502 | D:4      | Killed an ogre
  2503 | D:4      | Reached skill level 5 in Unarmed Combat
  2503 | D:4      | Reached XP level 5. HP: 25/41 MP: 7/7
  5291 | D:3      | Found Sof Bypu's Magic Scroll Shop.
  5730 | D:4      | Reached XP level 6. HP: 41/48 MP: 8/8
  5847 | D:4      | Reached skill level 6 in Unarmed Combat
  6296 | D:5      | Entered Level 5 of the Dungeon
  6469 | D:5      | Found a staircase to the Ecumenical Temple.
  6913 | D:5      | Reached XP level 7. HP: 26/56 MP: 9/9
  6949 | Temple   | Entered the Ecumenical Temple
  7723 | D:5      | Found a runed translucent door.
  7724 | D:5      | Noticed Lamak's ghost (amateur DECj)
  7739 | D:5      | Found Bumikoh's Assorted Antiques.
  7741 | D:5      | Found Utolabb's Assorted Antiques.
  7741 | D:5      | Found Vaoxeyt's Antique Weapon Boutique.
  7745 | D:5      | Found Boeqekku's Distillery.
  7750 | D:5      | Noticed Prince Ribbit
  7767 | D:5      | Killed Prince Ribbit
  7768 | D:5      | Reached skill level 7 in Unarmed Combat
  7954 | D:5      | Bought a steaming spear for 168 gold pieces
  7954 | D:5      | Identified the +9 spear of the Beast {vorpal, rElec Int+7}
                  | (You bought it in a shop on level 5 of the Dungeon)
  8538 | D:6      | Reached skill level 8 in Unarmed Combat
  8608 | D:6      | Reached XP level 8. HP: 14/63 MP: 10/10
  9061 | D:6      | Reached skill level 9 in Unarmed Combat
  9416 | D:6      | Learned a level 2 spell: Blink
  9876 | D:7      | Noticed Menkaure
  9887 | D:7      | Killed Menkaure
 10680 | D:7      | Reached skill level 1 in Spellcasting
 10680 | D:7      | Reached skill level 1 in Translocations
 11846 | D:5      | Bought a potion of heal wounds for 65 gold pieces
 11846 | D:5      | Bought a potion of degeneration for 13 gold pieces
 11853 | D:5      | Learned a level 3 spell: Call Canine Familiar
 12890 | D:8      | Reached XP level 9. HP: 53/71 MP: 14/14
 13043 | D:8      | Noticed Joseph
 13059 | D:8      | Killed Joseph
 13060 | D:8      | Reached skill level 1 in Summonings
 13193 | D:8      | Noticed Maggie
 13250 | D:8      | Killed Maggie
 13273 | D:8      | Reached skill level 5 in Dodging
 13963 | D:8      | Reached skill level 10 in Unarmed Combat
 14379 | D:8      | Got the Tome of Malediction
 14813 | D:8      | Slain by a wight

Illustrated notes

Levels and vault maps discovered:
D:1:      dpeg_arrival_tiny_d, layout_basic, basic_ecumenical_altar, hex_tiny
D:2:      layout_basic, solitary_fountain
D:3:      layout_loops_ring, nicolae_hepliaklqana_hippocampus,
          chequers_temple_overflow_statue_of_worship, serial_shops,
          nicolae_diamond_shop, minmay_fractal_squares_diagonal_5
D:4:      layout_basic, fiery_altar_vehumet, overflow_temple_1_default,
          serial_shops, nicolae_shop_stone
D:5:      layout_basic, nicolae_ru_great_annihilating_truth,
          minmay_temple_entry_ruins, gammafunk_ghost_grave,
          minmay_shop_grid_forest, uniq_prince_ribbit1
D:6:      layout_basic, old_standard_altar
D:7:      layout_basic, overflow_temple_1_default, uniq_menkaure
D:8:      layout_basic, kennysheep_mini_moat, enter_bailey_4, uniq_maggie,
          uniq_joseph
Temple:   cyrus_temple_forest

Skill      XL: |  1  2  3  4  5  6  7  8  9 |
---------------+----------------------------+-----
Fighting       | 2 3 4 |  4.2
Unarmed Combat | 3 4 5 6 8 9 10 | 10.0
Armour         | 1 2 3 |  3.5
Dodging        | 3 4 5 |  5.1
Spellcasting   | 1 2 |  2.4
Translocations | 1 2 |  2.8
Summonings     | 1 |  1.9
Throwing       | |  1.7

Action                   |  1- 3 |  4- 6 |  7- 9 || total
-------------------------+-------+-------+-------++-------
Melee: Unarmed           |   150 |   291 |   308 ||   749
       Punch             |     4 |    13 |    31 ||    48
       Spear             |       |       |    42 ||    42
Throw: Throwing net      |       |     1 |       ||     1
       Dart              |       |       |     1 ||     1
Evoke: Wand              |       |       |     8 ||     8
  Use: Scroll            |       |    13 |     6 ||    19
 Stab: Held in net/web   |       |     2 |       ||     2
       Paralysed         |       |       |    21 ||    21
       Sleeping          |       |       |     1 ||     1
Armor: Scale mail        |    74 |   114 |    90 ||   278
       Leather armour    |     2 |       |       ||     2
       Steam dragon scal |       |       |    20 ||    20
Dodge: Dodged            |    93 |   141 |   177 ||   411
